 Dungeon Crawl Stone Soup version 0.19-a0-1882-gbb73ea0 (webtiles) character file.

345 Amnesiac the Skirmisher (level 6, -8/66 HPs)
             Began as an Ogre Wizard on Oct 14, 2016.
             Mangled by an ice beast (9 damage)
             ... on level 5 of the Dungeon.
             The game lasted 00:11:23 (2152 turns).

Amnesiac the Skirmisher (Ogre Wizard)               Turns: 2152, Time: 00:11:24

Health: -8/66      AC:  3    Str: 13    XL:     6   Next: 58%
Magic:  6/11       EV: 11    Int: 19    God:
Gold:   152        SH:  0    Dex:  8    Spells: 4 memorised, 3 levels left

rFire  . . .     SeeInvis .     p - +0 quarterstaff
rCold  . . .     Gourm    .     a - +0 robe
rNeg   . . .     Faith    .     (shield currently unavailable)
rPois  .         Spirit   .     b - +0 hat
rElec  .         Dismiss  .     (no cloak)
rCorr  .         Reflect  .     (gloves unavailable)
MR     .....     Harm     .     (boots unavailable)
Stlth  +.........               (no amulet)
                                (no ring)
                                (no ring)

@: no status effects
A: unfitting armour, tough skin 1
a: no special abilities


You were on level 5 of the Dungeon.
You were not hungry.

You visited 1 branch of the dungeon, and saw 5 of its levels.

You collected 152 gold pieces.

Inventory:

Hand Weapons
 p - a +0 quarterstaff (weapon)
Missiles
 h - 2 throwing nets (quivered)
Armour
 a - a +0 robe (worn)
 b - a +0 hat (worn)
Rods
 q - a +0 lightning rod (12/12)
   (You found it on level 5 of the Dungeon)
Jewellery
 f - a +5 ring of evasion {unknown}
 s - a +3 ring of intelligence {unknown}
Scrolls
 e - 4 scrolls of identify {unknown}
 j - 2 scrolls of remove curse {unknown}
 r - a scroll of recharging {unknown}
 t - a scroll of teleportation {unknown}
 w - a scroll of torment {unknown}
Potions
 g - a potion of resistance
 i - 2 potions of invisibility {unknown}
 k - a potion of heal wounds {unknown}
 m - a potion of agility {unknown}
 v - a potion of ambrosia {unknown}
Books
 c - a book of Minor Magic

   Spells                             Type                      Level
   a - Magic Dart                     Conjuration                  1
   b - Blink                          Translocation                2
   c - Call Imp                       Summoning                    2
   d - Repel Missiles                 Charms/Air                   2
   e - Slow                           Hexes                        2
   f - Conjure Flame                  Conjuration/Fire             3
   g - Mephitic Cloud                 Conjuration/Poison/Air       3
Comestibles
 d - 3 bread rations
 l - 2 beef jerkies
 n - a slice of pizza
 o - a meat ration
 u - 2 chunks of flesh


   Skills:
 + Level 5.6 Fighting
 + Level 4.6 Dodging
 - Level 1.4 Stealth
 - Level 3.6 Spellcasting
 - Level 0.6 Conjurations
 - Level 0.6 Summonings
   Level 0.6 Translocations


You had 3 spell levels left.
You knew the following spells:

 Your Spells              Type           Power        Failure   Level  Hunger
d - Call Imp              Summ           #.......     17%         2    ##.....
e - Mephitic Cloud        Conj/Pois/Air  #.......     38%         3    ###....
f - Magic Dart            Conj           #...         12%         1    None
s - Conjure Flame         Conj/Fire      #.......     38%         3    ###....


Dungeon Overview and Level Annotations

Branches:
Dungeon (5/15)
 Temple: D:4-7

Altars:
Xom


Innate Abilities, Weirdness & Mutations

You are too large for most types of armour.
You have tough skin. (AC +1)


Message History

Confirm with . or Enter, or press ? or * to list all spells.
A beastly little devil appears in a puff of flame.
The ice beast barely misses you.
Your crimson imp hits the ice beast but does no damage.
Your crimson imp hits the ice beast but does no damage.
Your crimson imp blinks!
Your crimson imp blinks!
The ice beast hits you.
* * * LOW HITPOINT WARNING * * *
The ice beast freezes you!
* * * LOW HITPOINT WARNING * * *
Found a scroll labeled JUIXKES EDGHU.
Casting: Call Imp
Confirm with . or Enter, or press ? or * to list all spells.
A shadowy apparition takes form in the air.
Your shadow imp says, "I'm here!"
The ice beast hits you.
* * * LOW HITPOINT WARNING * * *
The ice beast freezes you!
You die...

#.#.#########.##.###
#.#.# ..#..o. #.#.#
#.#.... #.#.# .#.###
#.#.# .#.# #.#(#
.#.## #.#.# #...
#.#.# ###. #.#@#
#.###.# #.#Y#
#.#.... #Y#.#######
#.....
######.#5.......
##<...
#.........######
.#..... #.####.##.#
#...>.. #.# .#
#####.. #.# .. #..
#.. ... ####.#


You could see an ice beast and a friendly shadow imp.

Vanquished Creatures
  The ghost of brucemayne the Chopper, an amateur HOMo (D:5)
  A hound (D:5)
  An orc priest (D:5)
  An orc wizard (D:5)
  A worker ant (D:5)
  An adder skeleton (D:5)
  A dart slug (D:2)
  A leopard gecko (D:2)
  7 orcs
  4 bats
  2 giant cockroaches
  A goblin (D:1)
  4 hobgoblins
  2 quokkas (D:5)
  A kobold (D:3)
  A quokka skeleton (D:5)
  A rat (D:1)
31 creatures vanquished.

Vanquished Creatures (collateral kills)
  An ogre (D:5)
  An adder (D:2)
2 creatures vanquished.

Grand Total: 33 creatures vanquished

Notes
Turn   | Place    | Note
-------+----------+-------------------------------------------
     0 | D:1      | Amnesiac the Ogre Wizard began the quest for the Orb.
     0 | D:1      | Reached XP level 1. HP: 16/16 MP: 5/5
   130 | D:1      | Reached skill level 1 in Fighting
   250 | D:2      | Reached XP level 2. HP: 27/27 MP: 3/6
   254 | D:2      | Learned a level 2 spell: Call Imp
   362 | D:2      | Reached skill level 2 in Fighting
   569 | D:2      | Reached XP level 3. HP: 15/35 MP: 0/8
   607 | D:2      | Learned a level 3 spell: Mephitic Cloud
   611 | D:2      | Learned a level 3 spell: Conjure Flame
  1230 | D:3      | Found a shimmering altar of Xom.
  1340 | D:5      | Entered Level 5 of the Dungeon
  1381 | D:5      | Reached XP level 4. HP: 26/44 MP: 2/9
  1452 | D:5      | Noticed brucemayne's ghost (amateur HOMo)
  1546 | D:5      | Reached skill level 3 in Fighting
  1547 | D:5      | Killed brucemayne's ghost
  1547 | D:5      | Reached skill level 5 in Fighting
  1547 | D:5      | Reached XP level 5. HP: 57/57 MP: 10/10
  1547 | D:5      | Reached XP level 6. HP: 66/66 MP: 11/11
  2034 | D:5      | Noticed an ice beast
  2071 | D:5      | HP: 3/66 [ice beast (13)]
  2140 | D:5      | HP: 3/66 [ice beast (10)]
  2152 | D:5      | HP: 1/66 [ice beast (5)]
  2152 | D:5      | Mangled by an ice beast

Vault maps used:
D:1:      dpeg_arrival_erosion
D:2:      first_bread
D:3:      xom_teletrap_fun
D:4:      minmay_tree_intersection, hangedman_decor_riveting, grunt_tough_drop

Skill      XL: |  1  2  3  4 |
---------------+-------------+-----
Dodging        | 2 3 4 |  4.6
Fighting       | 1 2 5 |  5.6
Stealth        | |  1.4
Spellcasting   | |  3.6
Conjurations   | |  0.6
Summonings     | |  0.6
Translocations | |  0.6

Action                   |  1- 3 |  4- 6 || total
-------------------------+-------+-------++-------
Melee: Unarmed           |    22 |       ||    22
       Quarterstaff      |     9 |    26 ||    35
 Cast: Magic Dart        |    47 |    12 ||    59
       Call Imp          |     1 |     4 ||     5
       Mephitic Cloud    |       |     4 ||     4
       Conjure Flame     |       |     1 ||     1
Evoke: Rod               |     1 |     4 ||     5
  Use: Potion            |       |     1 ||     1
  Eat: Chunk             |     1 |     3 ||     4
       Beef jerky        |       |     1 ||     1
Armor: Robe              |    28 |    12 ||    40
Dodge: Dodged            |    53 |    16 ||    69
